 Dungeon Sprint DCSS version 0.30-a0-1161-g0704695555 (webtiles) character file.

Game seed: 8133534051296089532

57183 sircluck the Axe Maniac (level 14, -10/252 HPs)
             Began as a Hill Orc Berserker on Apr 27, 2023.
             Was a High Priest of Trog.
             Killed from afar by an ironbound frostheart (42 damage)
             ... by creeping frost
             ... in the Dungeon (Sprint IX: "|||||||||||||||||||||||||||||").
             The game lasted 00:17:50 (4426 turns).

sircluck the Axe Maniac (Hill Orc Berserker)        Turns: 4426, Time: 00:17:51

Health: -10/252    AC: 31    Str: 31    XL:     14   Next: 85%
Magic:  14/14      EV: 13    Int:  7    God:    Trog [*****.]
Gold:   646        SH:  5    Dex: 13    Spells: 13/13 levels left

rFire   + + +        e - +9 battleaxe of Iconoclasm {heavy, rElec rF+++ Will- Dex+3}
rCold   . . .        (shield currently unavailable)
rNeg    . . .        F - +2 plate armour
rPois   .            G - +1 helmet
rElec   +            j - +0 cloak
rCorr   .            m - +0 pair of gloves
SInv    .            w - +0 pair of boots
Will    .....        x - amulet of reflection Stlth
                     l - +6 ring of strength
HPRegen 0.62/turn    y - +4 ring of protection
MPRegen 0.14/turn

%: no teleportation, reflection
@: berserking, frozen, corroded, quick
A: no striking features
a: Renounce Religion, Berserk, Trog's Hand, Brothers in Arms


You were in the Dungeon.
You worshipped Trog.
Trog was extremely pleased with you.
You visited 1 branch You collected 1942 gold pieces.
You spent 1296 gold pieces at shops.

Inventory:

Hand Weapons
 a - a +0 hand axe
 e - the +9 battleaxe of Iconoclasm (weapon) {heavy, rElec rF+++ Will- Dex+3}
   (Trog gifted it to you in the Dungeon)

   Dex:       It affects your dexterity (+3).
   rF:        It renders you almost immune to fire.
   rElec:     It insulates you from electricity.
   Will:      It decreases your willpower.
 k - a +1 broad axe of freezing
 v - the +9 battleaxe "Gicruts" {heavy, Dex+5}
   (Trog gifted it to you in the Dungeon)

   Dex:       It affects your dexterity (+5).
 I - the +8 executioner's axe of Terra Nullius {flame, Dex+3}
   (Trog gifted it to you in the Dungeon)

   Dex:       It affects your dexterity (+3).
Missiles
 b - 7 boomerangs
 h - 8 javelins (quivered)
Armour
 j - a +0 cloak (worn)
 m - a +0 pair of gloves (worn)
 n - a +1 scale mail
 w - a +0 pair of boots (worn)
 E - +1 ice dragon scales
 F - a +2 plate armour (worn)
 G - a +1 helmet (worn)
Jewellery
 l - a +6 ring of strength (left hand)
 o - a +2 ring of protection
 p - a +3 ring of intelligence
 x - an amulet of reflection (around neck)
 y - a +4 ring of protection (right hand)
 A - a ring of fire
 B - a ring of protection from fire
 C - a ring of protection from cold
 D - a ring of ice
Wands
 z - a wand of mindburst (2)
Scrolls
 q - 4 scrolls of fog
 r - 2 scrolls of enchant armour
 s - 4 scrolls of enchant weapon
 t - a scroll of blinking
 u - 2 scrolls of identify
Potions
 c - 6 potions of curing
 d - 4 potions of heal wounds
 f - 4 potions of magic
 g - 4 potions of berserk rage
 i - a potion of invisibility
 H - a potion of flight {unknown}


   Skills:
 O Level 27 Fighting
 O Level 27 Axes
 + Level 22.6 Armour
 + Level 11.1 Dodging
 + Level 3.2 Stealth
 + Level 9.0 Shields
 + Level 7.5 Evocations


You had 13 spell levels left.
You didn't know any spells.
Your spell library was empty.

Dungeon Overview and Level Annotations

Branches:
Dungeon (1/1)

Altars:
Cheibriados
Dithmenos
Elyvilon
Fedhas
Gozag
Hepliaklqana
Kikubaaqudgha
Makhleb
Nemelex Xobeh
Okawaru
Qazlal
Ru
Sif Muna
Trog
Uskayaw
Vehumet
Wu Jian
Xom
Yredelemnul
Zin
The Shining One
Beogh
Jiyva
Lugonu

Shops:
D (=:=


Message History

a very ugly thing corpse; a harpy corpse You slice the great orb of eyes!!
The great orb of eyes is moderately wounded.
The ice encasing you melts away.
The great orb of eyes bites you but does no damage.
You slice the great orb of eyes like a ripe choko!!!!
You kill the great orb of eyes!
Trog accepts your kill.
An entropy weaver comes into view.
You block the ironbound thunderhulk's attack.
The entropy weaver points at you and mumbles some strange words.
The entropic weave corrodes you!
You dice the ironbound thunderhulk like an onion!!!!
The ironbound thunderhulk is severely wounded.
The entropy weaver gestures at you while chanting.
The entropic weave corrodes you!
The ironbound frostheart calls freezing cold from the walls.
The frost grips you!!
* * * LOW HITPOINT WARNING * * *
You are encased in ice.
You slice the ironbound thunderhulk!!
You kill the ironbound thunderhulk!
Trog accepts your kill.
Trog will now gift you melee weapons as you gain piety.
Your Shields skill increases to level 9!
Unknown command.
The vault warden activates a sealing rune.
A door slams shut!
Things that are here:
a +0 dire flail; a +0 animal skin You open the vault warden like a pillowcase!!!!
You kill the vault warden!
Trog accepts your kill. Trog grants you a weapon!
Something appears at your feet!
You see here a +0 antimagic scimitar.
Trog appreciates your killing of a magic user.
The runic seal fades away.
The ironbound frostheart calls freezing cold from the walls.
The frost grips you!!!
You die...

▓▓▓▓▓▓▓▓▓▓▓▓▓▓▓▓▓▓▓▓▓▓▓▓
..B.gp)@.+†.............
▓▓▓▓▓▓▓▓▓▓▓▓▓▓▓▓▓▓▓▓▓▓▓▓▓▓▓▓▓▓▓▓▓
.................................
▓▓▓▓▓▓▓▓▓▓♣♣♣♣♣♣♣♣♣♣▓▓▓▓▓▓▓▓▓▓▓▓▓
.....))))'....†).††'.)......†)..)
▓▓▓▓▓▓▓▓▓▓♣♣♣♣♣♣♣♣♣♣▓▓▓▓▓▓▓▓▓▓▓▓▓
.......p.........................
▓▓▓▓▓▓▓▓▓▓▓▓▓▓▓▓▓▓▓▓▓▓▓▓▓▓▓▓▓▓▓▓▓
........().))....)!....[[[.[.[..)


You could see an entropy weaver, an ironbound frostheart and a boggart.

Vanquished Creatures
  A lich (D)
  A vault warden (D)
  An emperor scorpion (D)
  2 very ugly things (D)
  An ironbound thunderhulk (D)
  A dire elephant (D)
  2 fire dragons (D)
  An ettin (D)
  2 great orbs of eyes (D)
  Harold (D)
  An ogre mage (D)
  3 ice dragons (D)
  2 catoblepae (D)
  An anaconda (D)
  A centaur warrior (D)
  An alligator snapping turtle (D)
  2 tengu warriors (D)
  A deep troll shaman (D)
  A vampire mage (D)
  4 death yaks (D)
  A naga warrior (D)
  2 naga sharpshooters (D)
  A hell knight (D)
  7 deep trolls (D)
  A sea snake (D)
  A glowing orange brain (D)
  An orb spider (D)
  A naga ritualist (D)
  A spriggan druid (D)
  A necromancer (D)
  An orc knight (D)
  A harpy (D)
  A lindwurm (D)
  A deep elf pyromancer (D)
  2 wolf spiders (D)
  A will-o-the-wisp (D)
  2 ugly things (D)
  A cyclops (D)
  A manticore (D)
  A moth of wrath (D)
  2 merfolk sirens (D)
  Maurice (D)
  A demonic crawler (D)
  2 black mambas (D)
  A gargoyle (D)
  2 torpor snails (D)
  3 komodo dragons (D)
  A rime drake (D)
  3 trolls (D)
  3 merfolk (D)
  A meliai (shapeshifter) (D)
  2 tarantellas (D)
  2 snapping turtles (D)
  A slime creature (D)
  A wraith (D)
  Grum (D)
  3 yaks (D)
  A vampire mosquito (D)
  A steam dragon (D)
  2 hogs (D)
  2 water moccasins (D)
  10 orc warriors (D)
  4 wolves (D)
  An ogre (D)
  3 bullfrogs (D)
  A killer bee (D)
  6 orc priests (D)
  An iguana (D)
  6 orc wizards (D)
  6 orcs (D)
  A giant cockroach (D)
  A frilled lizard (D)
  A goblin (D)
  2 rats (D)
138 creatures vanquished.

Vanquished Creatures (collateral kills)
  A very ugly thing (D)
  A bunyip (D)
  2 fire dragons (D)
  2 hydras (D)
  A rakshasa (D)
  2 ice dragons (D)
  An ogre mage (D)
  Erolcha (D)
  A spriggan air mage (D)
  A two-headed ogre (D)
  A ghost crab (D)
  A death knight (D)
  An anaconda (D)
  A deep troll earth mage (D)
  A deep troll shaman (D)
  A tengu warrior (D)
  A bog body (D)
  A deep elf pyromancer (D)
  An orc knight (D)
  A necromancer (D)
  A will-o-the-wisp (D)
  4 cane toads (D)
  A komodo dragon (D)
  A blink frog (D)
  A slime creature (D)
  2 yaks (D)
  A swamp drake (D)
34 creatures vanquished.

Vanquished Creatures (others)
  Kirke (D)
  A tyrant leech (D)
  A hornet (D)
  A spriggan (D)
  4 humans (D)
  4 foxfires (D)
12 creatures vanquished.

Grand Total: 184 creatures vanquished

Notes
Turn   | Place    | Note
-------+----------+-------------------------------------------
     0 | D        | sircluck the Hill Orc Berserker began the quest for the
                  | Orb.
     0 | D        | Reached XP level 1. HP: 19/19 MP: 1/1
    11 | D        | Reached ** piety under Trog
    40 | D        | Noticed an orc wizard
    40 | D        | Noticed an ogre
    40 | D        | Noticed an orc priest
    40 | D        | Noticed an iguana
    43 | D        | Killed an iguana
    44 | D        | Reached skill level 5 in Fighting
    44 | D        | Reached XP level 2. HP: 29/29 MP: 2/2
    44 | D        | Reached XP level 3. HP: 36/36 MP: 3/3
    46 | D        | Reached *** piety under Trog
    47 | D        | Reached XP level 4. HP: 45/45 MP: 4/4
    51 | D        | Killed an ogre
    52 | D        | Reached XP level 5. HP: 53/53 MP: 5/5
    57 | D        | Reached **** piety under Trog
    58 | D        | Reached skill level 10 in Axes
   195 | D        | Found a roughly hewn altar of Beogh.
   195 | D        | Found a snail-covered altar of Cheibriados.
   195 | D        | Found a shadowy altar of Dithmenos.
   195 | D        | Found a white marble altar of Elyvilon.
   195 | D        | Found a blossoming altar of Fedhas.
   195 | D        | Found an opulent altar of Gozag.
   196 | D        | Found a hazy altar of Hepliaklqana.
   197 | D        | Found a viscous altar of Jiyva.
   198 | D        | Found an ancient bone altar of Kikubaaqudgha.
   199 | D        | Found a corrupted altar of Lugonu.
   200 | D        | Found a burning altar of Makhleb.
   201 | D        | Found a sparkling altar of Nemelex Xobeh.
   202 | D        | Found an iron altar of Okawaru.
   203 | D        | Found a stormy altar of Qazlal.
   204 | D        | Found a sacrificial altar of Ru.
   205 | D        | Found a shimmering blue altar of Sif Muna.
   206 | D        | Found a bloodstained altar of Trog.
   207 | D        | Found a hide-covered altar of Uskayaw.
   208 | D        | Found a radiant altar of Vehumet.
   209 | D        | Found an ornate altar of the Wu Jian Council.
   210 | D        | Found a shimmering altar of Xom.
   211 | D        | Found a basalt altar of Yredelemnul.
   212 | D        | Found a glowing silver altar of Zin.
   213 | D        | Found a glowing golden altar of the Shining One.
   262 | D        | Noticed a wraith
   262 | D        | Noticed a yak
   262 | D        | Noticed a steam dragon
   262 | D        | Noticed a gargoyle
   266 | D        | Killed a steam dragon
   266 | D        | Killed a yak
   267 | D        | Reached skill level 10 in Fighting
   267 | D        | Reached skill level 5 in Armour
   267 | D        | Reached skill level 1 in Evocations
   267 | D        | Reached XP level 6. HP: 44/67 MP: 6/6
   267 | D        | Reached XP level 7. HP: 48/73 MP: 7/7
   268 | D        | Killed a gargoyle
   268 | D        | Reached ***** piety under Trog
   269 | D        | Reached skill level 5 in Dodging
   274 | D        | Killed a wraith
   275 | D        | Reached XP level 8. HP: 69/83 MP: 8/8
   380 | D        | Noticed a deep elf pyromancer
   380 | D        | Noticed a two-headed ogre
   380 | D        | Noticed a slime creature
   380 | D        | Noticed a centaur warrior
   380 | D        | Noticed a manticore
   386 | D        | Reached skill level 15 in Axes
   386 | D        | Reached skill level 1 in Stealth
   394 | D        | Killed a manticore
   405 | D        | Killed a centaur warrior
   406 | D        | Reached XP level 9. HP: 63/94 MP: 9/9
   430 | D        | Killed a deep elf pyromancer
   433 | D        | Killed a two-headed ogre
   434 | D        | Reached skill level 10 in Armour
   776 | D        | Noticed a komodo dragon
   776 | D        | Noticed a komodo dragon
   776 | D        | Noticed a rime drake
   778 | D        | Noticed a komodo dragon
   782 | D        | Killed a rime drake
   783 | D        | Reached XP level 10. HP: 104/104 MP: 10/10
   790 | D        | Reached skill level 15 in Fighting
   798 | D        | Identified the +9 battleaxe "Gicruts" {heavy, Dex+5} (Trog
                  | gifted it to you in the Dungeon)
   798 | D        | Received a gift from Trog
   840 | D        | Reached ****** piety under Trog
   994 | D        | Noticed a cane toad
   994 | D        | Noticed a cane toad
   994 | D        | Noticed a cane toad
   994 | D        | Noticed a cane toad
   997 | D        | Killed a cane toad
  1001 | D        | Killed a cane toad
  1001 | D        | Received a gift from Trog
  1002 | D        | Killed a cane toad
  1002 | D        | Noticed a four-headed hydra
  1007 | D        | Killed a cane toad
  1013 | D        | Killed a four-headed hydra
  1014 | D        | Reached XP level 11. HP: 116/116 MP: 11/11
  1032 | D        | Noticed a catoblepas
  1032 | D        | Noticed a death yak
  1032 | D        | Noticed a catoblepas
  1032 | D        | Noticed a death yak
  1032 | D        | Noticed a death yak
  1042 | D        | Noticed a death yak
  1062 | D        | Killed a death yak
  1063 | D        | Killed a death yak
  1063 | D        | Received a gift from Trog
  1063 | D        | Killed a death yak
  1063 | D        | Killed a catoblepas
  1063 | D        | Killed a death yak
  1065 | D        | Killed a catoblepas
  1135 | D        | Noticed Harold
  1140 | D        | Killed Harold
  1141 | D        | Reached skill level 5 in Evocations
  1218 | D        | Received a gift from Trog
  1235 | D        | Received a gift from Trog
  1282 | D        | Noticed an orc knight
  1296 | D        | Killed an orc knight
  1296 | D        | Identified the +9 battleaxe of Iconoclasm {heavy, rElec
                  | rF+++ Will- Dex+3} (Trog gifted it to you in the Dungeon)
  1296 | D        | Received a gift from Trog
  2002 | D        | Received a gift from Trog
  2074 | D        | Reached XP level 12. HP: 123/130 MP: 12/12
  2102 | D        | Found Vesiyp's Jewellery Boutique.
  2102 | D        | Noticed an ogre mage
  2105 | D        | Killed an ogre mage
  2110 | D        | Found Ullosetu's Book Shop.
  2111 | D        | Received a gift from Trog
  2123 | D        | Found Unwiytoj's Jewellery Boutique.
  2125 | D        | Noticed an ettin
  2126 | D        | Found Qafargha's Antique Weapon Shop.
  2129 | D        | Killed an ettin
  2135 | D        | Noticed an ogre mage
  2142 | D        | Killed an ogre mage
  2142 | D        | Received a gift from Trog
  2143 | D        | Reached skill level 15 in Armour
  2444 | D        | Bought a +6 ring of strength for 504 gold pieces
  2448 | D        | Bought an amulet of reflection for 360 gold pieces
  2448 | D        | Bought a +4 ring of protection for 432 gold pieces
  2560 | D        | Noticed Grum
  2560 | D        | Noticed Maurice
  2567 | D        | Killed Grum
  2571 | D        | Killed Maurice
  2574 | D        | Received a gift from Trog
  2714 | D        | Noticed a tengu warrior
  2714 | D        | Noticed an eight-headed hydra
  2714 | D        | Noticed a death knight
  2719 | D        | Killed a death knight
  2723 | D        | Killed a nine-headed hydra
  2725 | D        | Noticed a white very ugly thing
  2737 | D        | Killed a white very ugly thing
  2738 | D        | Reached skill level 10 in Dodging
  2738 | D        | Reached skill level 1 in Shields
  2740 | D        | Killed a tengu warrior
  2741 | D        | Reached XP level 13. HP: 145/145 MP: 13/13
  2750 | D        | Received a gift from Trog
  2897 | D        | Noticed a lich
  2961 | D        | Noticed an ice dragon
  2962 | D        | Noticed a fire dragon
  2967 | D        | Killed a lich
  2968 | D        | Killed an ice dragon
  2972 | D        | Killed a fire dragon
  2972 | D        | Received a gift from Trog
  3080 | D        | Noticed Kirke
  3097 | D        | Killed Kirke
  3232 | D        | Received a gift from Trog
  3392 | D        | Received a gift from Trog
  3459 | D        | Noticed a bunyip
  3461 | D        | Received a gift from Trog
  3462 | D        | Reached skill level 27 in Axes
  3467 | D        | Killed a bunyip
  3545 | D        | Received a gift from Trog
  3550 | D        | Reached XP level 14. HP: 154/160 MP: 14/14
  3809 | D        | Noticed Erolcha
  3816 | D        | Killed Erolcha
  3817 | D        | Reached skill level 5 in Shields
  3893 | D        | Noticed an emperor scorpion
  3951 | D        | Killed an emperor scorpion
  4000 | D        | Noticed a red very ugly thing
  4013 | D        | Killed a red very ugly thing
  4351 | D        | Identified the +8 executioner's axe of Terra Nullius
                  | {flame, Dex+3} (Trog gifted it to you in the Dungeon)
  4351 | D        | Received a gift from Trog
  4352 | D        | Reached skill level 27 in Fighting
  4392 | D        | Noticed a cyan very ugly thing
  4392 | D        | Noticed a dire elephant
  4408 | D        | Killed a dire elephant
  4414 | D        | Noticed an ironbound thunderhulk
  4415 | D        | Noticed a vault warden
  4418 | D        | Killed a cyan very ugly thing
  4424 | D        | Killed an ironbound thunderhulk
  4426 | D        | Killed a vault warden
  4426 | D        | Received a gift from Trog
  4426 | D        | Killed from afar by an ironbound frostheart

Illustrated notes

Levels and vault maps discovered:
D:        linesprint [early_d, line_temple, items_1, d_10, items_2, lair_1,
          lair_end, items_3, orc_1, orc_end, items_4, d_15, swamp_1, shoals_1,
          snake_1, spider_1, d_20, vaults_1, items_5, swamp_end, shoals_end,
          snake_end, spider_end, vaults_end, d_27, items_6, zot_1, zot_end,
          crypt_end, forest_end, elf_end, slime_end, tomb_end, abyss_end,
          pan_hell_end]

Skill      XL: |  1  2  3  4  5  6  7  8  9 10 11 12 13 14 |
---------------+-------------------------------------------+-----
Fighting       | 5 6 7 10 12 13 14 16 19 21 24 27 | 27.0
Axes           | 6 7 9 13 14 17 18 20 22 25 27 | 27.0
Armour         | 3 4 5 6 8 10 12 14 15 18 22 | 22.6
Dodging        | 2 3 4 5 6 7 8 9 10 11 | 11.1
Evocations     | 1 2 3 5 7 |  7.5
Stealth        | 1 2 3 |  3.2
Shields        | 1 4 9 |  9.0

Action                     |  1- 3 |  4- 6 |  7- 9 | 10-12 | 13-15 || total
---------------------------+-------+-------+-------+-------+-------++-------
  Melee: Hand axe          |    18 |    10 |    45 |    55 |       ||   128
         Punch             |       |       |     2 |     3 |       ||     5
         Battleaxe         |       |       |       |   106 |   145 ||   251
 Invoke: Berserk           |     1 |       |     3 |     3 |     4 ||    11
         Brothers in Arms  |       |       |     1 |     5 |    14 ||    20
  Evoke: Wand              |       |     3 |       |     7 |     2 ||    12
    Use: Potion            |       |       |     2 |     2 |     2 ||     6
         Scroll            |       |       |     2 |       |       ||     2
 Armour: Animal skin       |     2 |       |       |       |       ||     2
         Scale mail        |       |       |    15 |    50 |       ||    65
         Plate armour      |       |       |       |     5 |    99 ||   104
  Dodge: Dodged            |     7 |     3 |    13 |    88 |    84 ||   195
  Block: Other             |       |       |       |     3 |    25 ||    28
         Reflection        |       |       |       |       |     2 ||     2

Table legend: (Time is in decaauts)
 A = Elapsed time spent in this place.
 B = Non-inter-level travel time spent in this place.
 C = Inter-level travel time spent in this place.
 D = Time resting spent in this place.
 E = Time spent auto-exploring this place.
 F = Levels seen in this place.
 G = Mean time per level.
                   A        B        C        D        E       F      G
               +--------+--------+--------+--------+--------+-----+--------+
         Total |   4471 |   4088 |    383 |   1554 |    623 |   1 | 4471.0 |
       Dungeon |   4471 |   4088 |    383 |   1554 |    623 |   1 | 4471.0 |
               +--------+--------+--------+--------+--------+-----+--------+

Top non-repeatable levels by time:
       D: 4471 daAuts
